 Dungeon Crawl Stone Soup version 0.27.0-1-g7a089689b8 (webtiles) character file.

Game seed: 16508645471521159843

5650 Fv001 the Demonic Disaster (level 10, -13/112 HPs)
             Began as a Demonspawn Fighter on Aug 13, 2021.
             Was a Believer of Qazlal.
             Mangled by a death yak simulacrum (26 damage)
             ... in an ice cave.
             The game lasted 00:20:27 (8469 turns).

Fv001 the Demonic Disaster (Demonspawn Fighter)     Turns: 8469, Time: 00:20:28

Health: -13/112    AC: 25    Str: 18    XL:     10   Next: 46%
Magic:  16/16      EV:  2    Int: 10    God:    Qazlal [**....]
Gold:   24         SH: 13    Dex: 18    Spells: 9/9 levels left

rFire    . . .     SeeInvis .   a - +0 war axe
rCold    . . .     Faith    .   c - +0 kite shield
rNeg     + + +     Spirit   .   (armour currently unavailable)
rPois    +         Reflect  .   (helmet unavailable)
rElec    .         Harm     .   (cloak currently unavailable)
rCorr    .         Rampage  .   (gloves currently unavailable)
Will     .....     NoTele   +   (boots currently unavailable)
Stlth    +++.......             (no amulet)
HPRegen  0.28/turn              (no ring)
MPRegen  0.15/turn              (no ring)

@: tree-form
A: stationary, stasis, torment immunity, boosted hp, (horns 3), thin skeletal
structure 2, ignite blood 1
a: Renounce Religion, Upheaval


You were in an ice cave.
You worshipped Qazlal.
Qazlal was pleased with you.
You were a tree.
You visited 3 branches of the dungeon, and saw 11 of its levels.
You also visited: Ice Cave.

You collected 470 gold pieces.
You spent 446 gold pieces at shops.

Inventory:

Hand Weapons
 a - a +0 war axe (weapon)
 b - a +3 mace
Armour
 c - a +0 kite shield (worn)
 e - a +1 cloak (melded)
 p - a +0 plate armour (melded)
 s - a +1 pair of gloves (melded)
 v - a +2 pair of boots of flying (melded)
Wands
 u - a wand of flame (25)
 w - a wand of digging (1)
Scrolls
 j - 2 scrolls of amnesia
 k - 3 scrolls of noise
 m - a scroll of acquirement {unknown}
 o - 3 scrolls of blinking {unknown}
 r - 6 scrolls of immolation
 t - a scroll of magic mapping
 y - a scroll of holy word
 B - 2 scrolls of fog
 C - 2 scrolls of teleportation {unknown}
 D - 2 scrolls of fear {unknown}
 E - a scroll of vulnerability {unknown}
Potions
 d - a potion of invisibility {unknown}
 f - a potion of lignification
 h - 4 potions of curing
 i - 4 potions of brilliance
 l - a potion of cancellation {unknown}
 n - 2 potions of attraction
 q - a potion of heal wounds
 x - a potion of resistance {unknown}
 z - 3 potions of mutation
 A - 2 potions of berserk rage {unknown}
 F - 3 potions of flight {unknown}


   Skills:
 + Level 5.6 Fighting
 + Level 8.1 Axes
 + Level 7.2 Armour
 + Level 1.2 Dodging
 + Level 0.5 Stealth
 + Level 6.9 Shields
 * Level 8.4 Invocations
 + Level 1.4 Evocations


You had 9 spell levels left.
You didn't know any spells.
Your spell library contained the following spells:

 Spells                   Type           Power      Damage    Failure   Level
 Foxfire                  Conj/Fire      0%         2x1d4     71%         1
 Shock                    Conj/Air       0%         1d3       71%         1
 Conjure Flame            Conj/Fire      0%         6-21      97%         3
 Frozen Ramparts          Ice            0%         1d2       97%         3
 Gell's Gravitas          Tloc           0%         N/A       97%         3
 Inner Flame              Hex/Fire       0%         N/A       97%         3
 Teleport Other           Tloc           0%         N/A       97%         3
 Cause Fear               Hex            0%         N/A       100%        4
 Ice Form                 Ice/Tmut       0%         N/A       100%        4
 Summon Ice Beast         Ice/Summ       0%         N/A       100%        4
 Dispersal                Tloc           0%         N/A       100%        6
 Invisibility             Hex            0%         N/A       100%        6
 Discord                  Hex            0%         N/A       100%        8


Dungeon Overview and Level Annotations

Branches:
Dungeon (9/15)             Temple (1/1) D:4            Lair (1/6) D:8
  IceCv (1/1)
    Orc: D:9-12

Altars:
Elyvilon
Fedhas
Kikubaaqudgha
Okawaru
Qazlal
Ru
Sif Muna
Vehumet
Zin
The Shining One

Shops:
D:4 ?   D:8 !


Innate Abilities, Weirdness & Mutations

You are a tree.
Your roots penetrate the ground, keeping you stationary.
You cannot be teleported.
You are immune to unholy pain and torment.
Your maximum health is greatly increased.
Your equipment is partially melded.
((You have a pair of large horns on your head.))
You have a moderately thin skeletal structure. (Dex +4, Stealth++)
Your demonic aura sometimes causes spilled blood to erupt in flames.


Message History

You hit the wolf simulacrum but do no damage.
Your shield prevents you from hitting the wolf simulacrum.
You block the wolf simulacrum's attack. x2; The death yak simulacrum gores you!
The death yak simulacrum freezes you!! You block the wolf simulacrum's attack.
The wolf simulacrum bites you but does no damage.
You completely miss the death yak simulacrum.
The death yak simulacrum is severely damaged.
You slash the wolf simulacrum! You hit the wolf simulacrum.
You block the wolf simulacrum's attack. x2; The death yak simulacrum gores you!
The death yak simulacrum freezes you!!
* * * LOW HITPOINT WARNING * * *
You block the wolf simulacrum's attack.
The wolf simulacrum bites you but does no damage.
You feel much better.
The wolf simulacrum bites you but does no damage. x2
The death yak simulacrum gores you but does no damage.
You feel much better. You block the wolf simulacrum's attack.
The wolf simulacrum bites you but does no damage. x2
You block the wolf simulacrum's attack. The death yak simulacrum gores you!
The death yak simulacrum freezes you!!
* * * LOW HITPOINT WARNING * * *
Okay, then.
You hit the death yak simulacrum.
The death yak simulacrum is almost destroyed.
You slash the wolf simulacrum!
The wolf simulacrum vaporises!
Qazlal accepts your kill.
You hit the wolf simulacrum but do no damage.
The wolf simulacrum bites you but does no damage. x2
The death yak simulacrum gores you but does no damage.
You hit the death yak simulacrum but do no damage.
The death yak simulacrum is almost destroyed.
You hit the elephant simulacrum. You slash the wolf simulacrum!
The wolf simulacrum vaporises!
Qazlal accepts your kill.
You block the elephant simulacrum's attack. x2
The death yak simulacrum gores you.
* * * LOW HITPOINT WARNING * * *
The death yak simulacrum freezes you!!
You die...

#### ##..##
##....### .
#.......##...
#.∩.∩Z☼.....#
#...°♣Z....#
##....##..##
##..## ##
####


You could see a death yak simulacrum and an elephant simulacrum.

Vanquished Creatures
  A two-headed ogre (D:9)
  An elephant (D:8)
  2 rime drakes (Lair:1)
  A komodo dragon (Lair:1)
  A troll (D:8)
  A yak (D:8)
  2 basilisks (D:8)
  4 water moccasins
  An ogre (D:6)
  A sky beast (D:6)
  A necrophage (D:6)
  A centaur (D:6)
  6 wolves (Lair:1)
  3 phantoms
  A kobold brigand (D:8)
  2 bullfrogs (D:7)
  2 scorpions (D:5)
  A wyvern zombie (D:6)
  A water moccasin skeleton (D:4)
  6 killer bees (D:8)
  A howler monkey (D:7)
  10 wights
  A centaur zombie (D:7)
  A bullfrog zombie (D:6)
  3 hounds
  A jelly (D:6)
  A centaur skeleton (D:7)
  4 orc priests
  A bullfrog skeleton (D:6)
  2 orc wizards
  2 wolf simulacra (IceCv)
  2 hound skeletons (D:4)
  A howler monkey skeleton (D:4)
  8 adders
  2 white imps
  2 ufetubi
  3 worms
  2 dart slugs (D:1)
  22 orcs
  12 ball pythons
  3 bats
  5 endoplasms
  6 goblins
  5 hobgoblins
  9 jackals
  4 quokkas
  11 kobolds
  3 rats
166 creatures vanquished.

Vanquished Creatures (others)
  2 fungi (D:3)
  2 plants (Lair:1)
4 creatures vanquished.

Grand Total: 170 creatures vanquished

Notes
Turn   | Place    | Note
-------+----------+-------------------------------------------
     0 | D:1      | Fv001 the Demonspawn Fighter began the quest for the Orb.
     0 | D:1      | Reached XP level 1. HP: 18/18 MP: 1/1
    66 | D:1      | Gained mutation: You have a somewhat thin skeletal
                  | structure. (Dex +2, Stealth+) [demonic ancestry]
    66 | D:1      | Reached XP level 2. HP: 15/24 MP: 2/2
   343 | D:1      | Found a faded altar of an unknown god.
   767 | D:1      | Gained mutation: You have a moderately thin skeletal
                  | structure. (Dex +4, Stealth++) [demonic ancestry]
   767 | D:1      | Reached XP level 3. HP: 29/29 MP: 3/3
  1966 | D:3      | Reached XP level 4. HP: 35/35 MP: 4/4
  2598 | D:4      | Found a staircase to the Ecumenical Temple.
  2602 | D:4      | Found Xicageb's Magic Scroll Shop.
  2607 | Temple   | Entered the Ecumenical Temple
  2614 | Temple   | Became a worshipper of Qazlal Stormbringer
  2628 | D:4      | Bought a scroll of immolation for 42 gold pieces
  2628 | D:4      | Bought a scroll of identify for 24 gold pieces
  2628 | D:4      | Bought a scroll of magic mapping for 42 gold pieces
  2646 | D:4      | Reached skill level 1 in Invocations
  2646 | D:4      | Gained mutation: You have a pair of small horns on your
                  | head. [demonic ancestry]
  2646 | D:4      | Reached XP level 5. HP: 25/41 MP: 5/5
  2902 | D:4      | Noticed a phantom
  2919 | D:4      | Killed a phantom
  2920 | D:4      | Gained mutation: You have a pair of horns on your head.
                  | [demonic ancestry]
  2920 | D:4      | Reached XP level 6. HP: 43/47 MP: 7/7
  3093 | D:4      | Reached * piety under Qazlal
  3456 | D:5      | Entered Level 5 of the Dungeon
  3576 | D:5      | Reached XP level 7. HP: 49/52 MP: 9/9
  4330 | D:6      | Reached skill level 5 in Axes
  4615 | D:6      | Reached skill level 5 in Armour
  4615 | D:6      | Gained mutation: Your demonic aura sometimes causes spilled
                  | blood to erupt in flames. [demonic ancestry]
  4615 | D:6      | Reached XP level 8. HP: 35/60 MP: 11/11
  5159 | D:4      | Bought a scroll of holy word for 90 gold pieces
  5159 | D:4      | Bought a scroll of fog for 24 gold pieces
  5735 | D:7      | Reached skill level 5 in Invocations
  5862 | D:7      | Reached skill level 5 in Shields
  6015 | D:7      | Reached ** piety under Qazlal
  6077 | D:7      | Gained mutation: You have a pair of large horns on your
                  | head. [demonic ancestry]
  6077 | D:7      | Reached XP level 9. HP: 60/66 MP: 13/13
  6547 | D:8      | Noticed a troll
  6553 | D:8      | Killed a troll
  6554 | D:8      | Reached skill level 1 in Dodging
  6632 | D:8      | Found Weol Ecse's Distillery.
  6640 | D:8      | Bought a potion of attraction for 42 gold pieces
  6640 | D:8      | Bought a potion of heal wounds for 70 gold pieces
  6819 | D:8      | Noticed an elephant
  6825 | D:8      | Killed an elephant
  6834 | D:8      | Reached skill level 5 in Fighting
  6849 | D:8      | Found a staircase to the Lair.
  7274 | D:8      | Got the Compendium of Terror
  7594 | D:8      | Bought a potion of heal wounds for 70 gold pieces
  7594 | D:8      | Bought a potion of curing for 42 gold pieces
  7928 | D:9      | Noticed a two-headed ogre
  7933 | D:9      | Killed a two-headed ogre
  7934 | D:9      | Reached skill level 1 in Evocations
  7934 | D:9      | Reached XP level 10. HP: 74/74 MP: 15/15
  8021 | Lair:1   | Entered Level 1 of the Lair of Beasts
  8266 | Lair:1   | Found a frozen archway.
  8458 | IceCv    | Entered an ice cave
  8469 | IceCv    | Mangled by a death yak simulacrum

Illustrated notes

Levels and vault maps discovered:
D:1:      dpeg_arrival_round_b, layout_loops_ring,
          chequers_ecumenical_altar_island, minmay_large_rounded_square,
          minmay_distorted
D:2:      layout_rooms, serial_glass, glass_columns_a, glass_columns_c,
          glass_columns_a, feat_on_display, due_unseen_surprise
D:3:      layout_rooms, minmay_shallow_snake_nest
D:4:      layout_gridville, minmay_temple_entry_statues_pillars, serial_shops,
          shop, minmay_surrounded
D:5:      layout_basic, minmay_misc_feat_hallway
D:6:      layout_cave_pools
D:7:      layout_rooms, minmay_chambers_of_fives
D:8:      layout_loops_corners, david_lair_generic, serial_shops, shop
D:9:      layout_roguey, mainiacjoe_overflow_alcove_4, uniq_gastronok
Temple:   compressed_dpeg_triangle_lava_temple
Lair:1:   layout_chaotic_city, portal_ice_cave_rime, lemuel_fruit_tree,
          uniq_grum
IceCv:    ice_cave_small_necro

Skill      XL: |  1  2  3  4  5  6  7  8  9 10 |
---------------+-------------------------------+-----
Shields        | 3 4 5 6 |  6.9
Armour         | 3 4 5 6 7 |  7.2
Axes           | 2 3 4 5 6 7 8 |  8.1
Invocations    | 1 2 3 4 5 7 8 |  8.4
Fighting       | 4 5 |  5.6
Dodging        | 1 |  1.2
Evocations     | 1 |  1.4
Stealth        | |  0.5

Action                   |  1- 3 |  4- 6 |  7- 9 | 10-12 || total
-------------------------+-------+-------+-------+-------++-------
Melee: War axe           |   107 |   140 |   257 |    47 ||   551
       Headbutt          |       |    21 |    52 |    10 ||    83
Invok: Upheaval          |       |       |     4 |       ||     4
Evoke: Wand              |       |     4 |    10 |     2 ||    16
  Use: Scroll            |     4 |     1 |     6 |     1 ||    12
       Potion            |       |       |     1 |     5 ||     6
Armor: Scale mail        |    21 |       |       |       ||    21
       Chain mail        |    40 |    39 |       |       ||    79
       Plate armour      |       |    73 |   216 |    49 ||   338
       Skin              |       |       |       |    13 ||    13
Dodge: Dodged            |    24 |    17 |    41 |    10 ||    92
Block: Kite shield       |    58 |    73 |   198 |    74 ||   403
